 Dungeon Crawl Stone Soup version 0.24.1 (webtiles) character file.

Game seed: 16895098000533624324, levelgen mode: deterministic

1798 mortelune the Arsonist (level 8, -3/41 HPs)
             Began as a Deep Elf Fire Elementalist on Mar 27, 2020.
             Slain by a killer bee (8 damage)
             ... on level 5 of the Dungeon.
             The game lasted 00:17:08 (9349 turns).

mortelune the Arsonist (Deep Elf Fire Elementalist) Turns: 9349, Time: 00:17:09

Health: -3/41      AC:  3    Str:  5    XL:     8   Next: 83%
Magic:  3/20       EV: 16    Int: 23    God:
Gold:   199        SH:  0    Dex: 15    Spells: 5/20 levels left

rFire    . . .     SeeInvis .   b - +0 dagger
rCold    + . .     Gourm    .   (no shield)
rNeg     . . .     Faith    .   a - +0 robe
rPois    .         Spirit   .   c - +0 helmet
rElec    .         Reflect  .   z - scarf {cloud immunity}
rCorr    +         Harm     .   (no gloves)
MR       .....                  (no boots)
Stlth    ++........             (no amulet)
HPRegen  0.13/turn              h - ring of resist corrosion
MPRegen  0.17/turn              x - ring of protection from cold

@: lethally poisoned (-3 -> -7), about to teleport, invisible
A: no striking features
a: no special abilities


You were on level 5 of the Dungeon.
You were very hungry.

You visited 1 branch of the dungeon, and saw 6 of its levels.
You also visited: Ossuary.

You collected 199 gold pieces.

Inventory:

Hand Weapons
 b - a +0 dagger (weapon)
Armour
 a - a +0 robe (worn)
 c - a +0 helmet (worn)
 z - a scarf of cloud immunity (worn)
Magical Staves
 u - an uncursed staff of poison
Jewellery
 h - a ring of resist corrosion (left hand)
 x - a ring of protection from cold (right hand)
Wands
 k - a wand of digging (5)
 n - a wand of paralysis (18)
 o - a wand of flame (22)
Scrolls
 d - a scroll of enchant armour {unknown}
 e - 2 scrolls of fog {unknown}
 f - a scroll of blinking {unknown}
 j - 3 scrolls of enchant weapon {unknown}
 l - 3 scrolls of teleportation
 m - 3 scrolls of remove curse {unknown}
 t - 2 scrolls of amnesia {unknown}
 y - a scroll of magic mapping {unknown}
 A - a scroll of identify
 B - a scroll of summoning {unknown}
Potions
 g - a potion of berserk rage
 q - 2 potions of haste
 r - a potion of cancellation
 s - a potion of magic
 v - a potion of heal wounds {unknown}
 w - a potion of mutation {unknown}
Comestibles
 i - 3 rations


   Skills:
 + Level 5.9 Dodging
 - Level 2.4 Stealth
 + Level 6.7 Spellcasting
 * Level 7.2 Conjurations
 * Level 8.0 Fire Magic


You had 5 spell levels left.
You knew the following spells:

 Your Spells              Type           Power        Failure   Level  Hunger
a - Flame Tongue          Conj/Fire      #####        1%          1    None
b - Throw Flame           Conj/Fire      #####.       1%          2    None
c - Conjure Flame         Conj/Fire      #####...     1%          3    None
d - Sticky Flame          Conj/Fire      #####...     3%          4    ###....
e - Fireball              Conj/Fire      #####.....   10%         5    #####..

Your spell library contained the following spells:

 Spells                   Type           Power        Failure   Level  Hunger
 Magic Dart               Conj           ####         1%          1    None
 Searing Ray              Conj           #####.       1%          2    None
 Inner Flame              Hex/Fire       ####....     4%          3    None
 Iskenderun's Mystic Bla  Conj           #####...     4%          4    ###....
 Dazzling Spray           Conj/Hex       ###...       5%          3    None
 Animate Skeleton         Necr           N/A          8%          1    None
 Apportation              Tloc           #.....       8%          1    None
 Confusing Touch          Hex            #.....       8%          1    None
 Summon Small Mammal      Summ           #...         8%          1    None
 Force Lance              Conj/Tloc      ###.....     19%         4    ###....
 Fulminant Prism          Conj/Hex       ###.......   19%         4    ###....


Dungeon Overview and Level Annotations

Branches:
Dungeon (6/15)            Ossuary (visited)
 Temple: D:4-7

Altars:
Fedhas
Vehumet

Annotations:
D:3 Sigmund


Message History

You are poisoned.
The killer bee poisons you!
You feel sick. The killer bee stings you! The killer bee misses you.
There is a stone staircase leading up here.
You feel sick. The killer bee stings you. The killer bee barely misses you. x2
The killer bee closely misses you.
You climb upwards.
You feel sick.
There is a stone staircase leading down here.
As you read the scroll of teleportation, it crumbles to dust.
You feel strangely unstable. The killer bee barely misses you.
The killer bee misses you. The killer bee stings you!
The killer bee stings you.
You feel sick. The killer bee stings you!
* * * LOW HITPOINT WARNING * * *
The killer bee completely misses you. The killer bee misses you.
The killer bee closely misses you.
You fade into invisibility!
The killer bee closely misses you. The killer bee misses you.
The killer bee stings you!
You die...

#.(.....#..##
#...#####.## #...#
#(# ##### #.## #..##
##... ############
#######.
#...>y.....###.......
#..y@......##..####.#
#..........##.## #.#
#.............# #..
#..........#### ###
#..........#
#..........#
############


You could see 2 killer bees.

Vanquished Creatures
  Pikel (D:5)
  3 slaves
  A black bear (D:5)
  2 centaurs
  3 water moccasin zombies (Ossuary)
  A scorpion (D:4)
  6 killer bees
  A wight (D:6)
  A howler monkey (D:6)
  An orc priest (D:5)
  A jelly (D:5)
  An orc wizard (D:5)
  Ijyb (D:5)
  2 iguanas (D:5)
  3 worker ants
  A big kobold zombie (Ossuary)
  2 mummies (Ossuary)
  A worker ant zombie (D:5)
  7 gnolls
  8 adders
  A shadow imp (D:6)
  An ooze (D:1)
  An adder skeleton (D:4)
  2 adder zombies (Ossuary)
  6 worms
  4 dart slugs
  A leopard gecko (D:3)
  8 orcs
  3 giant cockroaches
  2 gnoll zombies (Ossuary)
  6 goblins
  12 hobgoblins
  8 jackals
  5 kobolds
  2 quokkas (D:5)
  3 ball pythons
  5 bats
  3 frilled lizards
  3 hobgoblin zombies (Ossuary)
  A jackal skeleton (D:4)
  6 kobold zombies (Ossuary)
  4 orc zombies (Ossuary)
  7 rats
141 creatures vanquished.

Vanquished Creatures (others)
  A centaur zombie (D:5)
  A leopard gecko zombie (D:5)
2 creatures vanquished.

Grand Total: 143 creatures vanquished

Notes
Turn   | Place    | Note
-------+----------+-------------------------------------------
     0 | D:1      | mortelune the Deep Elf Fire Elementalist began the quest
                  | for the Orb.
     0 | D:1      | Reached XP level 1. HP: 10/10 MP: 6/6
   329 | D:1      | Reached XP level 2. HP: 15/15 MP: 5/8
   392 | D:1      | Learned a level 2 spell: Throw Flame
  1405 | D:1      | Reached XP level 3. HP: 19/19 MP: 6/9
  1617 | D:1      | Learned a level 3 spell: Conjure Flame
  1638 | D:2      | Reached skill level 4 in Fire Magic
  1877 | D:2      | Reached XP level 4. HP: 24/24 MP: 5/11
  1883 | D:2      | Learned a level 4 spell: Sticky Flame
  3133 | D:3      | Reached XP level 5. HP: 28/28 MP: 3/12
  3503 | D:3      | Noticed Sigmund
  4481 | D:4      | Found a sand-covered staircase.
  4486 | Ossuary  | Entered an ossuary
  4779 | Ossuary  | Reached skill level 5 in Fire Magic
  5015 | Ossuary  | Reached XP level 6. HP: 32/32 MP: 7/14
  6489 | D:5      | Entered Level 5 of the Dungeon
  6495 | D:5      | Reached skill level 5 in Spellcasting
  6495 | D:5      | Reached XP level 7. HP: 31/36 MP: 9/16
  6630 | D:5      | HP: 1/36 [centaur (8)]
  7000 | D:5      | Noticed Ijyb
  7004 | D:5      | Paralysed by Ijyb for 4 turns
  7008 | D:5      | Killed Ijyb
  7008 | D:5      | Reached skill level 5 in Conjurations
  7008 | D:5      | Reached skill level 6 in Fire Magic
  7093 | D:5      | Learned a level 5 spell: Fireball
  7243 | D:5      | Found a blossoming altar of Fedhas.
  7647 | D:5      | Noticed Pikel
  8131 | D:5      | Killed Pikel
  8131 | D:5      | Reached skill level 5 in Dodging
  8131 | D:5      | Reached skill level 7 in Fire Magic
  8131 | D:5      | Reached XP level 8. HP: 13/41 MP: 8/19
  9110 | D:6      | Found a radiant altar of Vehumet.
  9339 | D:6      | Reached skill level 8 in Fire Magic
  9349 | D:5      | Slain by a killer bee

Levels and vault maps discovered:
D:1:      tarquinn_simple_flora_water_f, layout_rooms, nrook_mini_backslash,
          minmay_misc_feat_cross, grunt_decor_one_mirror
D:2:      layout_rooms, kennysheep_generic_room_10
D:3:      layout_basic, uniq_grinder, uniq_sigmund
D:4:      layout_basic, nicolae_ossuary_entry_false_entrances
D:5:      layout_rooms, fedhas_bush_and_centaur_altar, first_ration,
          grunt_ministairs_15, uniq_ijyb, uniq_pikel
D:6:      layout_cave_pods, kennysheep_mini_moat, vehumet_altar_wand_db

Skill      XL: |  1  2  3  4  5  6  7  8 |
---------------+-------------------------+-----
Conjurations   | 2 3 4 6 7 |  7.2
Fire Magic     | 4 5 7 8 |  8.0
Dodging        | 3 4 5 |  5.9
Spellcasting   | 4 5 6 |  6.7
Stealth        | |  2.4

Action                   |  1- 3 |  4- 6 |  7- 9 || total
-------------------------+-------+-------+-------++-------
Melee: Dagger            |       |       |     2 ||     2
 Cast: Flame Tongue      |    32 |   116 |    35 ||   183
       Throw Flame       |    21 |    68 |    42 ||   131
       Conjure Flame     |       |     3 |       ||     3
       Sticky Flame      |       |     4 |    14 ||    18
       Fireball          |       |       |     7 ||     7
  Use: Scroll            |       |       |     8 ||     8
       Potion            |       |       |     5 ||     5
 Stab: Sleeping          |       |       |     1 ||     1
  Eat: Ration            |     1 |     2 |     2 ||     5
       Chunk             |       |    10 |     4 ||    14
Armor: Robe              |     6 |     4 |     5 ||    15
Dodge: Dodged            |    17 |    26 |    55 ||    98
